 Dungeon Crawl Stone Soup version 0.22.1-1-ga44c0e5 (webtiles) character file.

1966 Lavandula the Cleaver (level 9, -1/103 HPs)
             Began as a Centaur Berserker on Nov 8, 2018.
             Was a Priest of Trog.
             Killed from afar by an orc wizard (6 damage)
             ... with a magic dart
             ... on level 7 of the Dungeon.
             The game lasted 00:09:32 (2022 turns).

Lavandula the Cleaver (Centaur Berserker)           Turns: 2022, Time: 00:09:33

Health: -1/103     AC: 10    Str: 29    XL:     9   Next: 0%
Magic:  9/9        EV:  9    Int:  6    God:    Trog [***...]
Gold:   245        SH:  0    Dex:  8    Spells: 8/8 levels left

rFire    + . .     SeeInvis .   d - +0 war axe
rCold    . . .     Gourm    .   (no shield)
rNeg     . . .     Faith    .   p - +0 leather armour {MR+}
rPois    .         Spirit   .   e - +2 helmet
rElec    .         Reflect  .   l - +1 cloak
rCorr    .         Harm     .   m - +0 pair of gloves (curse)
MR       +....                  (no barding)
Stlth    ..........             h - amulet of regeneration
HPRegen  0.67/turn              j - ring of attention (curse)
MPRegen  0.11/turn              t - ring of protection from fire

@: berserking (expiring), very quick
A: large, hooves 3, deformed body, speed 2, tough skin 3
a: Berserk, Trog's Hand, Renounce Religion


You were on level 7 of the Dungeon.
You worshipped Trog.
Trog was most pleased with you.
You were very hungry.

You visited 1 branch of the dungeon, and saw 7 of its levels.

You collected 245 gold pieces.

Inventory:

Hand Weapons
 a - a +0 hand axe
 d - a +0 war axe (weapon)
 g - a +0 spear
 x - a +0 blowgun
Missiles
 w - a throwing net (quivered)
 y - 12 poisoned needles
Armour
 b - a +0 animal skin
 e - a +2 helmet (worn)
 f - a +0 ring mail
 l - a +1 cloak (worn)
 m - a cursed +0 pair of gloves (worn)
 p - a +0 leather armour of magic resistance (worn)
Jewellery
 h - an amulet of regeneration (around neck)
 j - a cursed ring of attention (left hand)
 t - a ring of protection from fire (right hand)
Wands
 q - a wand of polymorph (14)
Scrolls
 k - 2 scrolls of enchant weapon
 n - a scroll of blinking {unknown}
 r - 2 scrolls of teleportation
 u - a scroll of remove curse {unknown}
Potions
 i - a potion of heal wounds
 o - a potion of might
 s - a potion of haste {unknown}
 v - 2 potions of lignification {unknown}
Comestibles
 c - 9 rations


   Skills:
 - Level 3.0 Fighting
 + Level 11.0 Axes
 - Level 1.3 Armour
 - Level 1.3 Dodging


You had 8 spell levels left.
You didn't know any spells.
Your spell library contained the following spells:

 Spells                   Type           Power        Failure   Level  Hunger
 Confusing Touch          Hex            #.....       50%         1    ##.....
 Corona                   Hex            #......      50%         1    ##.....
 Slow                     Hex            #.......     63%         2    ###....
 Confuse                  Hex            #.......     86%         3    ####...
 Gell's Gravitas          Tloc           #.........   86%         3    ####...
 Inner Flame              Hex/Fire       #.......     86%         3    ####...
 Portal Projectile        Hex/Tloc       #.....       86%         3    ####...
 Cause Fear               Hex            #.........   99%         4    #####..
 Leda's Liquefaction      Hex/Erth       #.........   99%         4    #####..
 Petrify                  Tmut/Erth      #.......     99%         4    #####..
 Metabolic Englaciation   Hex/Ice        #.........   100%        5    ######.
 Yara's Violent Unravell  Hex/Tmut       #.........   100%        5    ######.


Dungeon Overview and Level Annotations

Branches:
Dungeon (7/15)
 Temple: D:4-7

Altars:
Cheibriados
Vehumet
Wu Jian
The Shining One


Innate Abilities, Weirdness & Mutations

You have hooves in place of feet.
Armour fits poorly on your strangely shaped body.
You cover ground very quickly.
You have extremely tough skin. (AC +3)


Message History

You feel stronger.
You barely miss the orc wizard. The orc wizard closely misses you.
The orc priest mumbles some strange prayers to Beogh against you.
Beogh smites you!
* * * LOW HITPOINT WARNING * * *
You barely miss the orc wizard. Your kick misses the orc wizard.
The orc wizard is moderately wounded.
You closely miss the orc wizard.
The orc wizard is moderately wounded.
The orc wizard gestures at you while chanting.
The puff of flame hits you! You resist.
* * * LOW HITPOINT WARNING * * *
The orc priest calls down the wrath of Beogh upon you.
Pain shoots through your body!
* * * LOW HITPOINT WARNING * * *
You barely miss the orc wizard. Your kick misses the orc wizard.
The orc wizard is moderately wounded.
The orc wizard points at you and mumbles some strange words.
The magic dart hits you!
You die...

######## ### #####
........ ..# #....
.......# #.# #....
......###.#######....
.#. #..................
.....#.#o.#.............
#..)@)((o.#######....
.......#)......#.###....
.........O..)...........
.#.##[..................
.. ....).......#.###....
# .#.#..................
.%....#.!......#####.#
................ ...
#.##..##....O. .#


You could see an ogre, an orc priest and an orc wizard.

Vanquished Creatures
  Harold (D:7)
  A hungry ghost (D:7)
  A phantom (D:6)
  A sky beast (D:6)
  A necrophage (D:6)
  3 ogres
  A centaur (D:7)
  A big kobold (D:7)
  2 scorpions (D:4)
  2 crimson imps
  An orc priest (D:7)
  3 hounds
  An iguana (D:4)
  2 worker ants
  A hound skeleton (D:7)
  4 adders
  An ooze (D:4)
  A worm (D:4)
  An adder skeleton (D:6)
  2 dart slugs (D:3)
  2 leopard geckos (D:1)
  3 orcs
  7 giant cockroaches
  A goblin (D:1)
  8 hobgoblins
  6 kobolds (D:7)
  2 quokkas
  A ball python (D:1)
  5 bats
  A frilled lizard (D:1)
  A quokka skeleton (D:5)
68 creatures vanquished.

Notes
Turn   | Place    | Note
-------+----------+-------------------------------------------
     0 | D:1      | Lavandula the Centaur Berserker began the quest for the
                  | Orb.
     0 | D:1      | Reached XP level 1. HP: 19/19 MP: 1/1
    59 | D:1      | Reached skill level 3 in Axes
   141 | D:1      | Reached XP level 2. HP: 26/26 MP: 2/2
   509 | D:2      | Found a radiant altar of Vehumet.
   632 | D:2      | Reached XP level 3. HP: 30/31 MP: 3/3
   666 | D:2      | Found a glowing golden altar of the Shining One.
   804 | D:3      | Reached skill level 4 in Axes
   809 | D:3      | Found a snail-covered altar of Cheibriados.
   868 | D:4      | Reached XP level 4. HP: 38/38 MP: 4/4
   869 | D:4      | Reached ** piety under Trog
   948 | D:4      | Reached skill level 5 in Axes
  1024 | D:4      | Reached XP level 5. HP: 45/45 MP: 5/5
  1078 | D:5      | Entered Level 5 of the Dungeon
  1229 | D:4      | Reached skill level 6 in Axes
  1251 | D:5      | Found an ornate altar of the Wu Jian Council.
  1268 | D:6      | Noticed a phantom
  1274 | D:6      | Reached XP level 6. HP: 51/51 MP: 6/6
  1564 | D:6      | Reached skill level 7 in Axes
  1572 | D:6      | Reached XP level 7. HP: 55/57 MP: 7/7
  1677 | D:7      | Reached skill level 8 in Axes
  1796 | D:7      | Noticed Harold
  1818 | D:7      | Killed Harold
  1818 | D:7      | Reached skill level 10 in Axes
  1818 | D:7      | Reached XP level 8. HP: 21/63 MP: 8/8
  1936 | D:7      | Reached *** piety under Trog
  2019 | D:7      | Reached skill level 11 in Axes
  2019 | D:7      | Reached XP level 9. HP: 29/69 MP: 9/9
  2021 | D:7      | HP: 5/103 [orc priest/nerve-wracking pain (13)]
  2022 | D:7      | Killed from afar by an orc wizard

Skill      XL: |  1  2  3  4  5  6  7  8 |
---------------+-------------------------+-----
Axes           | 3 4 5 6 7 10 11 | 11.0
Fighting       | |  3.0
Armour         | |  1.3
Dodging        | |  1.3

Action                   |  1- 3 |  4- 6 |  7- 9 || total
-------------------------+-------+-------+-------++-------
Melee: Hand axe          |    63 |       |       ||    63
       Kick              |    14 |    12 |    10 ||    36
       War axe           |    23 |    73 |    63 ||   159
       Spear             |     8 |    11 |     3 ||    22
Invok: Berserk           |     1 |     2 |     4 ||     7
  Use: Scroll            |     3 |     2 |       ||     5
  Eat: Chunk             |       |     4 |     4 ||     8
Armor: Animal skin       |    17 |       |       ||    17
       Ring mail         |    36 |       |       ||    36
       Leather armour    |     5 |    32 |    25 ||    62
Dodge: Dodged            |    40 |    32 |    23 ||    95
